 Dungeon Crawl Stone Soup version 0.30-a0-728-gc68057be0a (webtiles) character file.

Game seed: 11591613201723497082

5415 testman the Ruffian (level 10, -5/84 HPs)
             Began as a Black Draconian Transmuter on Jan 30, 2023.
             Was an Elder of Elyvilon.
             Slain by Erolcha
             ... wielding a +5 giant club
              (47 damage)
             ... on level 9 of the Dungeon.
             The game lasted 00:33:35 (7623 turns).

testman the Ruffian (Black Draconian Transmuter)    Turns: 7623, Time: 00:33:36

Health: -5/84      AC:  2    Str: 13    XL:     10   Next: 40%
Magic:  14/18      EV: 21    Int: 23    God:    Elyvilon [****..]
Gold:   413        SH:  0    Dex: 17    Spells: 1/20 levels left

rFire   . . .      SeeInvis .      - Unarmed
rCold   . . .      Faith    .    (shield currently unavailable)
rNeg    . . .      Spirit   .    (body armour unavailable)
rPois   x          Reflect  .    (helmet currently unavailable)
rElec   .          Harm     .    (cloak currently unavailable)
rCorr   .          Rampage  .    (gloves currently unavailable)
Will    .....                    (boots currently unavailable)
Stlth   ++                       a - amulet of regeneration
HPRegen 1.14/turn                B - +6 ring of intelligence
MPRegen 0.16/turn                (no ring)

@: spider-form, wereblooded
A: venomous fangs, (breathe lightning), AC +7, tiny, unfitting armour,
(electricity resistance), (cold-blooded)
a: End Transformation, Renounce Religion, Purification, Heal Other, Heal Self


You were on level 9 of the Dungeon.
You worshipped Elyvilon.
Elyvilon was greatly pleased with you.
You were a venomous arachnid creature.
You visited 1 branch of the dungeon, and saw 9 of its levels.

You collected 483 gold pieces.
You spent 70 gold pieces at shops.

Inventory:

Hand Weapons
 m - a +4 dagger
 q - a +3 dagger of speed
 H - the +5 quarterstaff of Konyt (melded) {protect, Str+2}
   (You found it on level 8 of the Dungeon)

   Str:       It affects your strength (+2).
Missiles
 p - 3 boomerangs
 z - 4 poisoned darts
 A - a curare-tipped dart
Armour
 t - the +2 cloak "Nym Rek" (melded) {Will++}
   (You found it on level 4 of the Dungeon)

   Will:      It greatly increases your willpower.
 G - a +0 pair of boots (melded)
Jewellery
 a - an amulet of regeneration (around neck)
 l - an amulet of faith
 u - an amulet of reflection
 B - a +6 ring of intelligence (left front pincers)
Wands
 y - a wand of flame (36)
 E - a wand of paralysis (11)
 I - a wand of mindburst (8)
Scrolls
 d - a scroll of enchant armour
 e - a scroll of fog {unknown}
 f - 3 scrolls of teleportation {unknown}
 g - 3 scrolls of fear
 i - 5 scrolls of vulnerability
 j - 4 scrolls of magic mapping {unknown}
 w - 2 scrolls of noise {unknown}
 x - 2 scrolls of poison {unknown}
 C - a scroll of enchant weapon {unknown}
 F - a scroll of butterflies {unknown}
 J - a scroll of amnesia {unknown}
Potions
 b - a potion of brilliance
 c - 4 potions of attraction
 h - 2 potions of ambrosia
 k - a potion of haste
 n - a potion of might
 o - 4 potions of curing
 r - 2 potions of berserk rage
 s - a potion of flight
 v - a potion of mutation
 D - a potion of degeneration {unknown}


   Skills:
 + Level 6.5 Fighting
 + Level 4.1 Dodging
 + Level 6.6 Unarmed Combat
 + Level 5.7 Spellcasting
 + Level 3.8 Conjurations
 - Level 2.0 Translocations
 - Level 5.0 Transmutations
 + Level 0.4 Fire Magic
 + Level 4.5 Air Magic
 - Level 5.0 Poison Magic
 + Level 6.0 Invocations


You had one spell level left.
You knew the following spells:

 Your Spells              Type           Power      Damage    Failure   Level
a - Beastly Appendage     Tmut           58%        N/A       5%          1
b - Wereblood             Tmut           29%        N/A       7%          2
c - Spider Form           Tmut/Pois      29%        N/A       11%         3
d - Blink                 Tloc           30%        N/A       17%         2
e - Momentum Strike       Conj/Tloc      38%        3d9       13%         2
f - Vhi's Electric Charg  Tloc/Air       42%        N/A       19%         3
g - Swiftness             Air            27%        N/A       13%         3
h - Ignite Poison         Fire/Tmut/Pois 22%        N/A       17%         3

Your spell library contained the following spells:

 Spells                   Type           Power      Damage    Failure   Level
 Passwall                 Tmut/Erth      15%        N/A       14%         2
 Lesser Beckoning         Tloc           30%        N/A       17%         2
 Gell's Gravitas          Tloc           15%        N/A       28%         3
 Teleport Other           Tloc           15%        N/A       28%         3
 Ensorcelled Hibernation  Hex/Ice        12%        N/A       30%         2
 Inner Flame              Hex/Fire       7%         N/A       45%         3
 Ice Form                 Ice/Tmut       18%        N/A       52%         4
 Flame Wave               Conj/Fire      16%        2d7       58%         4
 Sticky Flame             Conj/Fire      16%        2d4       58%         4
 Arcjolt                  Conj/Air       12%        1d22      63%         5
 Ignition                 Fire           4%         3d4       100%        8
 Maxwell's Capacitive Co  Air            13%        ∞         100%        8


Dungeon Overview and Level Annotations

Branches:
Dungeon (9/15)             Temple (0/1) D:4
   Lair: D:8-11         Orc: D:9-12

Altars:
Elyvilon
Fedhas
Okawaru
Sif Muna
Wu Jian

Shops:
D:2 !   D:5 (

Annotations:
D:5 1 runed translucent door, Valagong's ghost, amateur MiFi
D:8 2 transporters, Shayle's ghost, novice TeBr
D:9 Erolcha


Innate Abilities, Weirdness & Mutations

You are a venomous arachnid creature.
You have venomous fangs.
You are tiny and dextrous.
Your spellcasting is less reliable in this form.
Your armour is entirely melded.
You are incapable of wielding weapons or throwing items.
((You can breathe wild blasts of lightning.))
((Your glossy black scales are hard. (AC +7)))
You cannot fit into any form of body armour.
((You are resistant to electric shocks. (rElec)))
((You are cold-blooded and may be slowed by cold attacks.))


Message History

The orc warrior is heavily wounded.
You hiss as the wereblood boils in your veins!
The bullfrog completely misses you. The bullfrog closely misses you.
You bite the orc warrior!
You feel a bit better.
You kill the orc warrior!
You hiss as the wereblood boils in your veins!
You kill the orc wizard!
The bullfrog barely misses you.
You bite the bullfrog!
The bullfrog is poisoned.
The bullfrog is heavily wounded.
Something hits you!! The bullfrog closely misses you.
You bite the bullfrog!
You feel a bit better.
You kill the bullfrog!
Something closely misses you.
You hit something. You bite something! Something hits you!!
You hit something. You barely miss something. Something closely misses you.
You hit something. Something closely misses you.
You closely miss something. You hit something.
You hear some strange, mumbled words.
Casting: Wereblood (safe; 7% risk of failure)
Confirm with . or Enter, or press ? or * to list all spells.
Okay, then.
Unknown command.
Okay, then.
Found a stone staircase leading down.
You hear some strange, mumbled words.
A fireball appears from out of thin air!
The fireball explodes!
The fireball engulfs you!!
* * * LOW HITPOINT WARNING * * *
Things that are here:
a +0 dagger; a +0 robe; an orc corpse
Okay, then.
Unknown command.
You are healed.
Something hits you!!!
Ouch! That really hurt!
You die...

#......##≈≈.#...#.≈≈#####...
#.......#≈≈.##_##.≈≈#.###...
#.......##≈≈.###.≈≈##.###...
#........##≈≈≈≈≈≈≈##........
#.........###≈≈≈### ...
#...........#####..
#.....>..)..:.)....
#.........)).......
#..........s.......
#...$..............
#..................
..................
.................
...............>
...............
...............


There were no monsters in sight!

Vanquished Creatures
  Pikel (D:8)
  Joseph (D:8)
  Sigmund (D:2)
  A wyvern (D:8)
  6 yaks (D:9)
  Grum (D:8)
  An acid dragon (D:9)
  2 water moccasins
  2 black bears
  3 orc warriors (D:9)
  An ogre (D:4)
  4 ice beasts
  A lemure (D:8)
  4 wolves (D:8)
  A kobold brigand (D:6)
  4 bullfrogs
  A scorpion (D:5)
  10 wights
  A howler monkey (D:5)
  A jelly (D:5)
  An orc priest (D:9)
  2 gnoll boudas
  3 hounds
  11 orc wizards
  3 iguanas
  Robin (D:3)
  9 gnolls
  4 adders
  A shadow imp (D:5)
  An ufetubus (D:5)
  3 dart slugs
  30 orcs
  A bat (D:1)
  8 endoplasms
  3 giant cockroaches
  14 goblins
  15 hobgoblins
  3 jackals (D:4)
  14 kobolds
  4 quokkas
  5 ball pythons
  4 frilled lizards
  2 rats
189 creatures vanquished.

Vanquished Creatures (others)
  A plant (D:5)
1 creature vanquished.

Grand Total: 190 creatures vanquished

Notes
Turn   | Place    | Note
-------+----------+-------------------------------------------
     0 | D:1      | testman the Draconian Transmuter began the quest for the
                  | Orb.
     0 | D:1      | Reached XP level 1. HP: 16/16 MP: 3/3
   228 | D:1      | Reached XP level 2. HP: 23/23 MP: 3/5
   429 | D:1      | Learned a level 2 spell: Wereblood
   593 | D:1      | Reached skill level 1 in Poison Magic
   749 | D:2      | Noticed Sigmund
   830 | D:2      | Reached XP level 3. HP: 28/28 MP: 2/6
   853 | D:2      | Learned a level 3 spell: Spider Form
  1045 | D:2      | Killed Sigmund
  1046 | D:2      | Reached XP level 4. HP: 7/35 MP: 4/7
  1046 | D:2      | Reached XP level 5. HP: 8/40 MP: 4/8
  1334 | D:2      | Found Ytuxuar's Distillery.
  1354 | D:2      | Bought a potion of might for 40 gold pieces
  1354 | D:2      | Bought a potion of curing for 30 gold pieces
  1626 | D:3      | Found a white marble altar of Elyvilon.
  1642 | D:3      | Reached skill level 5 in Poison Magic
  1663 | D:3      | Became a worshipper of Elyvilon the Healer
  1814 | D:3      | Reached XP level 6. HP: 43/47 MP: 4/9
  1862 | D:3      | Found a faded altar of an unknown god.
  1894 | D:3      | Noticed Robin
  1927 | D:3      | Killed Robin
  2537 | D:4      | Reached * piety under Elyvilon
  2629 | D:4      | Found a staircase to the Ecumenical Temple.
  2844 | D:4      | Reached skill level 1 in Invocations
  3105 | D:4      | Identified the +2 cloak "Nym Rek" {Will++}
  3387 | D:5      | Entered Level 5 of the Dungeon
  3403 | D:5      | Reached skill level 1 in Translocations
  3403 | D:5      | Your scales start taking on a glossy black colour.
  3403 | D:5      | Reached XP level 7. HP: 51/56 MP: 7/11
  3403 | D:5      | Gained mutation: You are resistant to electric shocks.
                  | (rElec) [Black Draconian growth]
  3769 | D:5      | Found a blossoming altar of Fedhas.
  3781 | D:5      | Got the Notes on Oxidation and Assaults
  3784 | D:5      | Reached ** piety under Elyvilon
  3798 | D:5      | Learned a level 2 spell: Blink
  3913 | D:5      | Found Menoun's Hydra Hut.
  3916 | D:5      | Noticed an eight-headed hydra
  4082 | D:5      | Found a runed translucent door.
  4082 | D:5      | Noticed Valagong's ghost (amateur MiFi)
  4313 | D:5      | Found an ornate altar of the Wu Jian Council.
  4548 | D:6      | Reached XP level 8. HP: 54/64 MP: 8/13
  4920 | D:7      | Reached *** piety under Elyvilon
  5114 | D:7      | Reached skill level 5 in Unarmed Combat
  5123 | D:7      | Reached skill level 5 in Transmutations
  5148 | D:7      | Learned a level 2 spell: Momentum Strike
  5474 | D:7      | Reached **** piety under Elyvilon
  5587 | D:7      | Learned a level 3 spell: Vhi's Electric Charge
  6210 | D:8      | Reached skill level 1 in Conjurations
  6210 | D:8      | Reached skill level 1 in Air Magic
  6210 | D:8      | Reached XP level 9. HP: 73/73 MP: 12/15
  6270 | D:8      | Reached skill level 5 in Fighting
  6464 | D:8      | Found a transporter.
  6465 | D:8      | Found a transporter.
  6515 | D:8      | Noticed Pikel
  6520 | D:8      | Noticed Joseph
  6544 | D:8      | Killed Pikel
  6551 | D:8      | Elyvilon protects you from harm!
  6555 | D:8      | Killed Joseph
  6556 | D:8      | Reached skill level 5 in Spellcasting
  6556 | D:8      | Reached skill level 5 in Invocations
  6558 | D:8      | Identified the +5 quarterstaff of Konyt {protect, Str+2}
  6699 | D:8      | Noticed Grum
  6714 | D:8      | HP: 2/75 [Grum/-1 halberd of venom (22)]
  6730 | D:8      | Killed Grum
  6836 | D:8      | Found an iron altar of Okawaru.
  6925 | D:8      | Learned a level 3 spell: Swiftness
  7063 | D:8      | Identified the +2 dire flail of Huqam {venom, rF+ SInv}
  7063 | D:8      | Noticed a two-headed ogre
  7063 | D:8      | Noticed Shayle's ghost (novice TeBr)
  7176 | D:9      | Reached XP level 10. HP: 24/77 MP: 12/17
  7497 | D:9      | Learned a level 3 spell: Ignite Poison
  7521 | D:9      | Found a shimmering blue altar of Sif Muna.
  7595 | D:9      | Noticed Erolcha
  7623 | D:9      | Slain by Erolcha

Illustrated notes

Levels and vault maps discovered:
D:1:      psy_arrival_spokes, layout_basic
D:2:      layout_rooms, serial_shops, nicolae_shop_behind_doors,
          minmay_tromino_i2, uniq_sigmund
D:3:      layout_basic, old_standard_altar, nicolae_ecumenical_pavilion,
          nicolae_concentric_dashed_squares_mild, uniq_robin
D:4:      layout_gridville, minmay_temple_entry_wispy, corexii_leaking_fountain,
          glass_columns_a, kennysheep_generic_room_4
D:5:      layout_cave_pods, mainiacjoe_overflow_brackets, kennysheep_mini_moat,
          gammafunk_ghost_grave, doesnt_shop_hydraphobe
D:6:      layout_basic
D:7:      layout_gridville
D:8:      layout_loops_cross, okawaru_altar_gauntlet_db, gammafunk_ghost_smash,
          uniq_pikel, uniq_joseph, uniq_grum
D:9:      layout_big_octagon, kennysheep_orc_sif_temple, orc_0_dummy,
          nicolae_sextant, uniq_maurice, uniq_erolcha

Skill      XL: |  1  2  3  4  5  6  7  8  9 10 |
---------------+-------------------------------+-----
Transmutations | 3 4 5 |  5.0
Poison Magic   | 1 4 5 |  5.0
Fighting       | 2 3 4 6 |  6.5
Invocations    | 1 2 4 5 6 |  6.0
Translocations | 1 2 |  2.0
Spellcasting   | 3 4 5 |  5.7
Unarmed Combat | 4 5 6 |  6.6
Dodging        | 2 3 4 |  4.1
Conjurations   | 1 3 |  3.8
Air Magic      | 1 3 4 |  4.5
Fire Magic     | |  0.4

Action                     |  1- 3 |  4- 6 |  7- 9 | 10-12 || total
---------------------------+-------+-------+-------+-------++-------
  Melee: Unarmed           |    14 |   133 |   301 |    76 ||   524
         Dagger            |    46 |    33 |     4 |       ||    83
         Tailslap          |     8 |     1 |       |       ||     9
         Headbutt          |     8 |     2 |       |       ||    10
         Kick              |     7 |     2 |       |       ||     9
         Punch             |     2 |       |     1 |       ||     3
         Quarterstaff      |       |       |     1 |       ||     1
   Cast: Beastly Appendage |    12 |     3 |       |       ||    15
         Wereblood         |     1 |     5 |     8 |     4 ||    18
         Spider Form       |     2 |    19 |    30 |     6 ||    57
         Momentum Strike   |       |       |     2 |     2 ||     4
         Vhi's Electric Ch |       |       |     1 |     1 ||     2
 Invoke: Heal Self         |       |       |     2 |     1 ||     3
         Purification      |       |       |     1 |       ||     1
Ability: Breathe Lightning |       |       |       |     1 ||     1
  Evoke: Wand              |       |       |     1 |       ||     1
    Use: Scroll            |       |     4 |     6 |     1 ||    11
         Potion            |       |     1 |     6 |       ||     7
   Stab: Sleeping          |     1 |       |     1 |       ||     2
 Armour: Skin              |    11 |    22 |    24 |     4 ||    61
  Dodge: Dodged            |    26 |   121 |   302 |    79 ||   528

Table legend: (Time is in decaauts)
 A = Elapsed time spent in this place.
 B = Non-inter-level travel time spent in this place.
 C = Inter-level travel time spent in this place.
 D = Time resting spent in this place.
 E = Time spent auto-exploring this place.
 F = Levels seen in this place.
 G = Mean time per level.
                   A        B        C        D        E       F      G
               +--------+--------+--------+--------+--------+-----+--------+
         Total |   7579 |   7135 |    444 |    403 |   5304 |   9 |  842.1 |
       Dungeon |   7579 |   7135 |    444 |    403 |   5304 |   9 |  842.1 |
               +--------+--------+--------+--------+--------+-----+--------+

Top non-repeatable levels by time:
     D:8: 1102 daAuts
     D:5: 1074 daAuts
     D:3: 1057 daAuts
     D:7: 855 daAuts
     D:4: 845 daAuts
     D:1: 840 daAuts
     D:6: 673 daAuts
     D:2: 635 daAuts
     D:9: 494 daAuts
